 Dungeon Crawl Stone Soup version 0.28-a0-1038-g9c4cb8273d (webtiles) character file.

Game seed: 17129770923464858721

2286 horus123 the Basher (level 9, -1/75 HPs)
             Began as a Human Cinder Acolyte on Dec 8, 2021.
             Was a Priest of Ignis.
             Slain by a wyvern (2 damage)
             ... on level 7 of the Dungeon.
             The game lasted 00:11:36 (8545 turns).

horus123 the Basher (Human Cinder Acolyte)          Turns: 8545, Time: 00:11:37

Health: -1/75      AC: 15    Str: 17    XL:     9   Next: 66%
Magic:  17/17      EV:  2    Int: 17    God:    Ignis [***...]
Gold:   315        SH:  5    Dex:  8    Spells: 17/19 levels left

rFire   + + .      SeeInvis .   a - +0 mace (flame)
rCold   + . .      Faith    .   r - +0 kite shield
rNeg    . . .      Spirit   .   q - +0 plate armour
rPois   .          Reflect  .   (no helmet)
rElec   .          Harm     .   i - scarf {rC+ rF+}
rCorr   .          Rampage  .   (no gloves)
Will    .....                   e - +2 pair of boots
Stlth   ..........              (no amulet)
HPRegen 0.22/turn               (no ring)
MPRegen 0.15/turn               (no ring)

@: studying Crossbows
A: no striking features
a: Renounce Religion, Fiery Armour, Foxfire Swarm, Rising Flame


You were on level 7 of the Dungeon.
You worshipped Ignis.
Ignis was most pleased with you.
You visited 1 branch of the dungeon, and saw 7 of its levels.

You collected 315 gold pieces.

Inventory:

Hand Weapons
 a - a +0 mace of flaming (weapon)
 j - a +2 spectral dagger
Armour
 b - a +0 robe
 e - a +2 pair of boots (worn)
 i - a scarf of resistance (worn)
 q - a +0 plate armour (worn)
 r - a +0 kite shield (worn)
Wands
 o - a wand of paralysis (13)
Scrolls
 f - 2 scrolls of summoning
 p - 2 scrolls of amnesia
 s - 3 scrolls of identify
Potions
 c - 2 potions of attraction
 d - 2 potions of degeneration
 g - 5 potions of curing {unknown}
 h - a potion of resistance {unknown}
 k - 4 potions of mutation
 l - a potion of haste {unknown}
 m - 2 potions of flight
 n - a potion of brilliance {unknown}


   Skills:
 - Level 8.4 Fighting
 - Level 8.7 Maces & Flails
 - Level 4.5 Crossbows
 + Level 4.8 Armour
 - Level 1.3 Dodging
 - Level 0.8 Stealth
 - Level 5.8 Spellcasting
 - Level 8.4 Fire Magic
 - Level 5.4 Evocations


You had 17 spell levels left.
You knew the following spells:

 Your Spells              Type           Power      Damage    Failure   Level
a - Scorch                Fire           66%        2d8       88%         2

Your spell library contained the following spells:

 Spells                   Type           Power      Damage    Failure   Level


Dungeon Overview and Level Annotations

Branches:
Dungeon (7/15)             Temple (0/1) D:6

Altars:
Trog

Shops:
D:5 [

Annotations:
D:5 2 transporters, reversiblehash's ghost, novice DsFi


Message History

The wyvern bites you.
The wyvern bites you but does no damage.
You hit the wyvern but do no damage.
The wyvern is severely wounded.
The wyvern bites you!
* * * LOW HITPOINT WARNING * * *
You hit the wyvern. You burn the wyvern.
The wyvern is almost dead.
The wyvern bites you but does no damage.
You block the wyvern's attack.
You closely miss the wyvern.
The wyvern is almost dead.
The wyvern bites you but does no damage. x2
You barely miss the wyvern.
The wyvern is almost dead.
The wyvern bites you but does no damage.
You block the wyvern's attack.
You hit the wyvern but do no damage.
The wyvern is almost dead.
You block the wyvern's attack.
The wyvern bites you but does no damage.
You hit the wyvern but do no damage.
The wyvern is almost dead.
The wyvern bites you but does no damage.
You block the wyvern's attack.
You hit the wyvern but do no damage.
The wyvern is almost dead.
The wyvern bites you but does no damage.
The wyvern bites you!
* * * LOW HITPOINT WARNING * * *
You barely miss the wyvern.
The wyvern is severely wounded.
The wyvern barely misses you.
The wyvern bites you but does no damage.
You barely miss the wyvern.
The wyvern is severely wounded.
The wyvern bites you.
* * * LOW HITPOINT WARNING * * *
The wyvern bites you.
You die...

#. #..###### ###.......####
.#............. ............###
#.# ..........# ##l# ..........##
#@.# ...........# ##.##
............# # ##.##
.............. ## ###...#
.............. .#
#####.....##.............. .#
####..........##.............
.####.............##..........<..
...................#.............
###.................#......|.....


You could see a wyvern.

Vanquished Creatures
  2 water moccasins (D:6)
  An orc warrior (D:6)
  A black bear (D:6)
  An ogre (D:4)
  3 phantoms
  2 scorpions (D:5)
  A bullfrog zombie (D:5)
  3 orc priests
  A bullfrog skeleton (D:6)
  Jessica (D:3)
  A gnoll shaman (D:4)
  Natasha (twice) (D:3)
  3 iguanas (D:4)
  2 orc wizards
  A hound zombie (D:5)
  2 hound skeletons (D:4)
  5 gnolls (D:4)
  A howler monkey skeleton (D:6)
  8 adders
  A white imp (D:7)
  An ufetubus (D:6)
  2 adder skeletons
  An adder zombie (D:5)
  4 worms
  2 dart slugs
  8 orcs
  9 endoplasms
  4 giant cockroaches
  4 goblins
  8 hobgoblins
  6 kobolds
  3 quokkas
  7 ball pythons
  2 bats (D:1)
  3 frilled lizards
  7 rats
113 creatures vanquished.

Vanquished Creatures (others)
  A wizard (D:4)
  An orc wizard (D:3)
  37 foxfires (D:4)
  6 plants (D:5)
45 creatures vanquished.

Grand Total: 158 creatures vanquished

Notes
Turn   | Place    | Note
-------+----------+-------------------------------------------
     0 | D:1      | horus123 the Human Cinder Acolyte began the quest for the
                  | Orb.
     0 | D:1      | Reached XP level 1. HP: 18/18 MP: 2/2
   464 | D:1      | Found a faded altar of an unknown god.
   504 | D:1      | Reached XP level 2. HP: 19/24 MP: 3/3
   859 | D:1      | Learned a level 2 spell: Scorch
   981 | D:1      | Reached XP level 3. HP: 29/29 MP: 4/4
  1811 | D:2      | Reached XP level 4. HP: 22/35 MP: 2/5
  3254 | D:3      | Noticed Jessica
  3266 | D:3      | Killed Jessica
  3267 | D:3      | Reached skill level 1 in Dodging
  3267 | D:3      | Reached XP level 5. HP: 35/41 MP: 4/7
  3762 | D:3      | Reached XP level 6. HP: 24/48 MP: 2/9
  4081 | D:3      | Noticed Natasha
  4084 | D:3      | Killed Natasha
  4325 | D:3      | Noticed Natasha
  4327 | D:3      | Killed Natasha
  4380 | D:3      | Reached skill level 5 in Spellcasting
  4380 | D:3      | Reached skill level 5 in Evocations
  4380 | D:3      | Reached XP level 7. HP: 59/59 MP: 10/15
  4381 | D:3      | Reached XP level 8. HP: 69/69 MP: 10/16
  5354 | D:4      | Found a bloodstained altar of Trog.
  5356 | D:4      | Noticed a wizard
  5361 | D:4      | Killed a wizard
  5678 | D:4      | Reached XP level 9. HP: 71/75 MP: 8/17
  5998 | D:5      | Entered Level 5 of the Dungeon
  6304 | D:5      | Found a transporter.
  6387 | D:5      | Found Kitetus's Armour Shop.
  6465 | D:5      | Reached skill level 1 in Crossbows
  6723 | D:5      | Noticed reversiblehash's ghost (novice DsFi)
  6742 | D:5      | Found a transporter.
  7790 | D:6      | Found a staircase to the Ecumenical Temple.
  8545 | D:7      | HP: 1/75 [wyvern (6)]
  8545 | D:7      | Slain by a wyvern

Illustrated notes

Levels and vault maps discovered:
D:1:      elethiomel_arrival_shortcut, layout_basic,
          shapermc_ecumenical_altar_totnotflames
D:2:      layout_loops_ring, minmay_misc_feat_roman, minmay_ruptured
D:3:      layout_loops_ring, uniq_jessica, uniq_natasha
D:4:      layout_gridville, trog_wizard, minmay_manual_mullet
D:5:      layout_loops_ring, gammafunk_ghost_gnarly_gnolls, serial_shops,
          kennysheep_mini
D:6:      layout_basic, minmay_temple_entry_gardened_gates
D:7:      layout_cave_pods, serial_column_ruins, column_ruins_columns_straight,
          column_ruins_grid_3, column_ruins_corridor_straight,
          column_ruins_open_medium, uniq_crazy_yiuf_cottage

Skill      XL: |  1  2  3  4  5  6  7  8  9 |
---------------+----------------------------+-----
Maces & Flails | 4 7 8 |  8.7
Dodging        | 1 |  1.3
Spellcasting   | 2 5 |  5.8
Fire Magic     | 6 8 |  8.4
Fighting       | 6 8 |  8.4
Evocations     | 5 |  5.4
Armour         | 4 |  4.8
Crossbows      | 4 |  4.5
Stealth        | |  0.8

Action                   |  1- 3 |  4- 6 |  7- 9 || total
-------------------------+-------+-------+-------++-------
Melee: Mace              |    81 |    63 |   102 ||   246
 Cast: Scorch            |    13 |    26 |    49 ||    88
Invok: Fiery Armour      |       |     1 |     1 ||     2
       Foxfire Swarm     |       |       |     2 ||     2
  Use: Scroll            |     3 |     7 |     6 ||    16
       Potion            |       |     1 |     1 ||     2
Armor: Robe              |    31 |     8 |    23 ||    62
       Plate armour      |       |       |    17 ||    17
Dodge: Dodged            |    58 |    31 |    60 ||   149
Block: Kite shield       |       |       |     4 ||     4

Table legend: (Time is in decaauts)
 A = Elapsed time spent in this place.
 B = Non-inter-level travel time spent in this place.
 C = Inter-level travel time spent in this place.
 D = Time resting spent in this place.
 E = Time spent auto-exploring this place.
 F = Levels seen in this place.
 G = Mean time per level.
                   A        B        C        D        E       F      G
               +--------+--------+--------+--------+--------+-----+--------+
         Total |   8597 |   8432 |    165 |   1016 |   6530 |   7 | 1228.1 |
       Dungeon |   8597 |   8432 |    165 |   1016 |   6530 |   7 | 1228.1 |
               +--------+--------+--------+--------+--------+-----+--------+

Top non-repeatable levels by time:
     D:4: 1582 daAuts
     D:1: 1572 daAuts
     D:3: 1490 daAuts
     D:2: 1397 daAuts
     D:6: 1182 daAuts
     D:5: 1181 daAuts
     D:7: 191 daAuts
